 Dungeon Crawl Stone Soup version 0.24-a0-784-g601f8f6d22 (webtiles) character file.

Game seed: 12126500257214470830, levelgen mode: deterministic

351 Johnny the Digger (level 6, -4/49 HPs)
             Began as a Demigod Earth Elementalist on Oct 9, 2019.
             Slain by a slave (8 damage)
             ... led by Pikel
             ... on level 4 of the Dungeon.
             The game lasted 00:04:21 (3687 turns).

Johnny the Digger (Demigod Earth Elementalist)      Turns: 3687, Time: 00:04:21

Health: -4/49      AC:  2    Str: 14 (16) XL:     6   Next: 11%
Magic:  13/13      EV: 13    Int: 22 (23) God:
Gold:   214        SH:  0    Dex: 15 (16) Spells: 9/10 levels left

rFire    + . .     SeeInvis .   l - +0 short sword
rCold    . . .     Gourm    .   (no shield)
rNeg     . . .     Faith    .   c - +0 robe
rPois    .         Spirit   .   (no helmet)
rElec    .         Reflect  .   (no cloak)
rCorr    .         Harm     .   (no gloves)
MR       .....                  (no boots)
Stlth    ++........             (no amulet)
HPRegen  0.16/turn              r - ring of protection from fire
MPRegen  0.13/turn              (no ring)

@: mighty
A: high mp 1
a: no special abilities


You were on level 4 of the Dungeon.
You were not hungry.

You visited 1 branch of the dungeon, and saw 5 of its levels.

You collected 214 gold pieces.

Inventory:

Hand Weapons
 l - a +0 short sword (weapon)
Missiles
 b - 109 stones (quivered)
Armour
 c - a +0 robe (worn)
Jewellery
 r - a ring of protection from fire (left hand)
 w - an uncursed ring of see invisible
Wands
 t - a wand of flame (19)
Scrolls
 a - a scroll of random uselessness {unknown}
 f - 7 scrolls of identify {unknown}
 g - 2 scrolls of amnesia {unknown}
 i - 2 scrolls of remove curse {unknown}
 j - 2 scrolls of magic mapping {unknown}
 n - a scroll of blinking {unknown}
 o - a scroll of enchant armour {unknown}
 u - a scroll of teleportation {unknown}
Potions
 h - a potion of degeneration
 k - 2 potions of might
 m - a potion of brilliance {unknown}
 p - a potion of berserk rage {unknown}
 q - 2 potions of curing {unknown}
 s - a potion of lignification {unknown}
 v - a potion of resistance
Comestibles
 d - 5 rations
 x - 2 chunks of flesh


   Skills:
 + Level 2.3 Fighting
 + Level 3.1 Dodging
 - Level 1.7 Stealth
 + Level 2.9 Spellcasting
   Level 0.8 Transmutations
 * Level 4.6 Earth Magic


You had 9 spell levels left.
You knew the following spells:

 Your Spells              Type           Power        Failure   Level  Hunger
a - Sandblast             Erth           ###...       1%          1    None

Your spell library contained the following spells:

 Spells                   Type           Power        Failure   Level  Hunger
 Passwall                 Tmut/Erth      ###.....     6%          2    ##.....
 Summon Small Mammal      Summ           #...         13%         1    None
 Stone Arrow              Conj/Erth      ##....       14%         3    ###....
 Call Imp                 Summ           #.......     19%         2    ##.....
 Call Canine Familiar     Summ           #.......     36%         3    ###....
 Summon Guardian Golem    Hex/Summ       #.......     36%         3    ###....
 Petrify                  Tmut/Erth      ###.....     38%         4    ####...
 Lee's Rapid Deconstruct  Erth           ###.......   45%         5    ######.
 Summon Ice Beast         Ice/Summ       #.......     77%         4    ####...
 Summon Lightning Spire   Summ/Air       #.......     77%         4    ####...


Dungeon Overview and Level Annotations

Branches:
Dungeon (5/15)
 Temple: D:4-7

Annotations:
D:5 3 runed translucent doors, kmx's ghost, novice CeNe


Innate Abilities, Weirdness & Mutations

You have an increased reservoir of magic. (+10% MP)


Message History

Unknown command.
A hound zombie comes into view.
Found a stone staircase leading up.
The hound zombie bites you.
* * * LOW HITPOINT WARNING * * *
There is a stone staircase leading up here.
The slave hits you!
* * * LOW HITPOINT WARNING * * *
The hound zombie closely misses you.
You climb upwards.
There is a stone staircase leading down here.
Unknown command.
Unknown command.
Unknown command.
Okay, then.
It was a potion of degeneration.
There was something very wrong with that liquid.
You feel weakened.
You feel dopey.
You feel clumsy. The slave hits you!
You die...

###### ########
#....## #..#....
#.....# #.......
#.....# #.....<.
#...p@# #.......
#...##############....
###'###...##..####....
#.........'.....#.....
#.........#.....#.....
#.........#.....#.....
#.........#.....#.....
#.........#.....#.....
#.........#.....#.....


You could see a slave.

Vanquished Creatures
  A bullfrog (D:3)
  A scorpion (D:4)
  2 orc wizards
  A worker ant (D:4)
  A howler monkey skeleton (D:4)
  5 adders
  An ooze (D:3)
  3 worms
  3 dart slugs
  3 leopard geckos
  9 orcs
  6 bats
  7 giant cockroaches
  3 goblins
  6 hobgoblins
  4 jackals (D:2)
  4 quokkas
  5 frilled lizards
  5 kobolds
  6 rats
76 creatures vanquished.

Vanquished Creatures (others)
  A plant (D:5)
1 creature vanquished.

Grand Total: 77 creatures vanquished

Notes
Turn   | Place    | Note
-------+----------+-------------------------------------------
     0 | D:1      | Johnny the Demigod Earth Elementalist began the quest for
                  | the Orb.
     0 | D:1      | Reached XP level 1. HP: 14/14 MP: 5/5
   404 | D:1      | Reached skill level 3 in Earth Magic
   404 | D:1      | Reached XP level 2. HP: 22/22 MP: 1/7
  1330 | D:2      | Found an iron altar of Okawaru.
  1333 | D:2      | Reached skill level 1 in Fighting
  1468 | D:2      | Reached XP level 3. HP: 28/28 MP: 8/8
  1922 | D:3      | Found a burning altar of Makhleb.
  1928 | D:3      | You fall into a shaft and drop 1 floor!
  2248 | D:3      | Reached XP level 4. HP: 35/35 MP: 10/10
  2661 | D:3      | Noticed a bullfrog
  2666 | D:3      | Killed a bullfrog
  2666 | D:3      | Reached skill level 4 in Earth Magic
  2666 | D:3      | Reached XP level 5. HP: 39/41 MP: 8/11
  2881 | D:4      | Found a sparkling altar of Nemelex Xobeh.
  3463 | D:5      | Entered Level 5 of the Dungeon
  3490 | D:5      | Reached XP level 6. HP: 40/49 MP: 2/13
  3581 | D:5      | Noticed a two-headed ogre
  3619 | D:5      | Found a runed translucent gate.
  3619 | D:5      | Found a runed translucent gate.
  3619 | D:5      | Found a runed translucent gate.
  3621 | D:5      | Noticed kmx's ghost (novice CeNe)
  3687 | D:4      | Slain by a slave

Levels and vault maps discovered:
D:1:      ncdulo_smallfort, layout_loops_cross, roderic_lattice_a
D:2:      layout_loops_ring, first_ration, okawaru_gym_becter
D:3:      layout_loops_cross, bloody_makhleb, nrook_mini_vaults, st_stairs_14
D:4:      layout_gridville, nemelex_xobeh_ov_fountains_minmay
D:5:      layout_cave_pools, serial_shops, kennysheep_mini_moat,
          gammafunk_ghost_nasty_kobolds, chequers_mini_garden, uniq_pikel

Skill      XL: |  1  2  3  4  5 |
---------------+----------------+-----
Dodging        | 2 3 |  3.1
Earth Magic    | 3 4 |  4.6
Spellcasting   | 2 |  2.9
Fighting       | 1 2 |  2.3
Stealth        | |  1.7
Transmutations | |  0.8

Action                   |  1- 3 |  4- 6 || total
-------------------------+-------+-------++-------
Melee: Unarmed           |     1 |       ||     1
       Short sword       |   129 |    58 ||   187
 Cast: Sandblast         |    44 |    49 ||    93
  Use: Potion            |       |     4 ||     4
 Stab: Sleeping          |     2 |     1 ||     3
  Eat: Chunk             |     4 |     5 ||     9
Armor: Robe              |    31 |     4 ||    35
Dodge: Dodged            |   126 |    73 ||   199

Table legend:
 A = Non-vault XP
 B = Vault XP
 C = Vault XP percentage of total XP
 D = Non-vault monster count
 E = Vault monster count
 F = Vault count percentage of total count
                 A         B        C        D         E       F
            +---------+---------+-------+---------+---------+-------
      Total |     500 |       2 |   0.4 |      75 |       1 |   1.3
            +---------+---------+-------+---------+---------+-------
        D:1 |      23 |       0 |   0.0 |      14 |       0 |   0.0
        D:2 |      53 |       0 |   0.0 |      19 |       0 |   0.0
        D:3 |     200 |       2 |   1.0 |      26 |       1 |   3.7
        D:4 |     139 |       0 |   0.0 |       7 |       0 |   0.0
        D:5 |      85 |       0 |   0.0 |       9 |       0 |   0.0
            +---------+---------+-------+---------+---------+-------
